 Dungeon Crawl Stone Soup version 0.23.2-33-g5129a83 (webtiles) character file.

Game seed: 13512477736031364095

32754 Fortress the Basher (level 13, -5/129 HPs)
             Began as a Deep Dwarf Berserker on July 2, 2019.
             Was a Priest of Trog.
             Slain by a wolf (6 damage)
             ... on level 5 of the Lair of Beasts on July 3, 2019.
             The game lasted 01:51:33 (11727 turns).

Fortress the Basher (Deep Dwarf Berserker)         Turns: 11727, Time: 01:51:33

Health: -5/129     AC: 12    Str: 25    XL:     13   Next: 33%
Magic:  0/0        EV: 10    Int:  9    God:    Trog [***...]
Gold:   885        SH:  4    Dex: 23    Spells: 12/12 levels left

rFire    + . .     SeeInvis +   x - +3 executioner's axe (antimagic)
rCold    + + .     Gourm    .   (shield currently unavailable)
rNeg     . . .     Faith    .   L - +0 chain mail {rC+}
rPois    .         Spirit   .   A - +1 helmet
rElec    +         Reflect  .   g - scarf {rC+ rF+}
rCorr    .         Harm     .   (no gloves)
MR       ++++.                  (no boots)
Stlth    ..........             (no amulet)
HPRegen  1.00/turn              G - +6 ring of dexterity
MPRegen  0.07/turn              B - ring of Awe {rElec MR+ Dex+3 SInv Stlth+}

@: berserk cooldown, non-regenerating
A: damage resistance, heal wounds, large bone plates 1, thin skeletal structure
1, low mp 1, sense surroundings 2, no regeneration
a: Heal Wounds, Berserk, Trog's Hand, Renounce Religion


You were on level 5 of the Lair of Beasts.
You worshipped Trog.
Trog was most pleased with you.
You were not hungry.

You visited 3 branches of the dungeon, and saw 16 of its levels.
You also visited: Ice Cave.

You collected 925 gold pieces.
You spent 40 gold pieces at shops.

Inventory:

Hand Weapons
 h - a +1 battleaxe of freezing
 j - a +6 club
 x - a +3 antimagic executioner's axe (weapon)
 I - a +2 falchion of freezing
Missiles
 q - 8 curare-tipped needles
 u - 18 poisoned needles
Armour
 g - a scarf of resistance (worn)
 i - a +0 shield
 y - a +0 plate armour
 A - a +1 helmet (worn)
 L - a +0 chain mail of cold resistance (worn)
Jewellery
 m - a +5 ring of evasion
 B - the ring of Awe (right hand) {rElec MR+ Dex+3 SInv Stlth+}
   (You found it on level 4 of the Lair of Beasts)

   [ring of see invisible]

   It affects your dexterity (+3).
   It insulates you from electricity.
   It affects your resistance to hostile enchantments.
   It lets you see invisible.
   It makes you more stealthy.
 E - an uncursed ring of ice
 G - a +6 ring of dexterity (left hand)
 K - an uncursed ring of fire
Wands
 a - a wand of iceblast (15)
 b - a wand of random effects (24)
 r - a wand of acid (10)
 M - a wand of digging (4)
Scrolls
 e - 6 scrolls of identify
 f - 3 scrolls of enchant armour
 n - 4 scrolls of remove curse
 s - 3 scrolls of blinking
 v - a scroll of fog
 w - 5 scrolls of teleportation
 C - a scroll of fear
 J - a scroll of acquirement {unknown}
Potions
 d - 3 potions of haste
 k - 2 potions of lignification
 o - a potion of berserk rage
 p - 3 potions of brilliance
 t - 4 potions of agility
 z - 3 potions of might
 D - 3 potions of resistance
 F - a potion of magic
 H - a potion of invisibility
 N - a potion of heal wounds
Comestibles
 c - 13 rations
 l - 2 chunks of flesh


   Skills:
 - Level 12.0 Fighting
 + Level 9.6(13.2) Axes
 - Level 13.6(14.5) Maces & Flails
 - Level 6.0 Armour
 - Level 3.0 Dodging
 - Level 11.2 Evocations


You had 12 spell levels left.
You didn't know any spells.
Your spell library was empty.

Dungeon Overview and Level Annotations

Branches:
Dungeon (9/15)             Temple (1/1) D:5            Lair (6/6) D:9
 Shoals (0/4) Lair:4        Snake (0/4) Lair:4
  Slime: Lair:5-6       Orc: D:9-12

Altars:
Ashenzari
Cheibriados
Dithmenos
Elyvilon
Fedhas
Gozag
Hepliaklqana
Kikubaaqudgha
Makhleb
Nemelex Xobeh
Okawaru
Qazlal
Ru
Sif Muna
Trog
Uskayaw
Vehumet
Wu Jian
Xom
Yredelemnul
Zin
The Shining One

Shops:
D:4 *

Annotations:
Lair:4 3 runed translucent doors, reptisaurus's ghost, journeyman OgEE


Innate Abilities, Weirdness & Mutations

You are resistant to damage.
You can heal yourself by infusing magical energy.
You passively map the area around you.
You do not regenerate.
You are partially covered in large bone plates. (SH +4)
You have a somewhat thin skeletal structure. (Dex +2, Stealth)
Your magical capacity is low. (-10% MP)


Message History

You feel yourself speed up.
The wolf stops to sniff the ground.
The wolf closely misses you.
A wolf comes into view.
You closely miss the wolf. You slash the wolf! The wolf closely misses you.
The wolf bites you but does no damage. You block the wolf's attack. x2
You barely miss the wolf. You hit the wolf but do no damage.
The wolf closely misses you. The wolf misses you.
The wolf bites you but does no damage.
Your skin crawls.
You feel resistant to hostile enchantments.
You feel somewhat more hungry. The wolf bites you.
* * * LOW HITPOINT WARNING * * *
The wolf closely misses you.
The wolf bites you but does no damage. x2
You block the wolf's attack.
You barely miss the wolf. You closely miss the wolf. x2
The wolf closely misses you. The wolf bites you!
* * * LOW HITPOINT WARNING * * *
You block the wolf's attack. The wolf barely misses you. The wolf bites you!
You die...

*
......≈≈≈≈≈≈≈.##
,,
.....≈≈≈≈≈≈≈≈..#
P...≈≈≈≈≈≈≈≈≈≈##
, ,,
....≈≈≈≈≈≈≈≈≈..#
.P..≈≈≈≈...≈≈≈P#
, *
...P.≈≈..>.≈.≈#
, ,*
...P..≈.....###
, ,,
.........hh..# ,
........hh@..#
........###### *
, ....#.#.#*
,...#.##.. ,
h.h.. ...*
,,.... ..P# ,
.... ..... , ...
...##* ,, , ,


You could see 4 wolves.

Vanquished Creatures
  A frost giant (IceCv)
  A dire elephant (Lair:2)
  Snorg (Lair:3)
  A hydra (Lair:4)
  A catoblepas (Lair:4)
  A death yak (IceCv)
  Sonja (Lair:2)
  Joseph (Lair:1)
  13 elephants (Lair:2)
  A black mamba (Lair:3)
  An ice statue (IceCv)
  5 spiny frogs
  4 rime drakes
  17 polar bears
  Prince Ribbit (D:6)
  10 blink frogs
  5 dream sheep (Lair:4)
  8 hippogriffs
  A spriggan (Lair:2)
  25 yaks
  Grum (Lair:1)
  A wyvern (Lair:4)
  2 basilisks
  6 porcupines
  5 water moccasins
  2 orc warriors
  A phantom (D:4)
  4 black bears
  3 ice beasts
  6 ogres
  27 wolves
  5 centaurs
  5 crocodiles
  9 bullfrogs
  A scorpion (D:9)
  An electric eel (Lair:5)
  A howler monkey (D:9)
  5 crimson imps
  4 hounds
  3 jellies (D:8)
  A bullfrog skeleton (D:8)
  An orc priest (D:6)
  3 orc wizards
  A centaur skeleton (D:8)
  Jessica (D:2)
  5 iguanas
  5 worker ants
  2 hound skeletons
  11 gnolls
  7 adders
  5 shadow imps
  12 white imps (Lair:3)
  7 oozes
  5 dart slugs
  7 leopard geckos
  20 orcs
  5 giant cockroaches
  12 goblins
  8 hobgoblins
  16 jackals
  2 kobolds (D:2)
  4 quokkas
  A ball python (D:3)
  4 bats
  7 frilled lizards
  A leopard gecko zombie (D:7)
  A quokka skeleton (D:2)
  A quokka zombie (D:6)
  7 rats
  2 fungi (Lair:4)
355 creatures vanquished.

Vanquished Creatures (others)
  A polar bear (IceCv)
  55 fungi
  26 plants
82 creatures vanquished.

Grand Total: 437 creatures vanquished

Notes
Turn   | Place    | Note
-------+----------+-------------------------------------------
     0 | D:1      | Fortress the Deep Dwarf Berserker began the quest for the
                  | Orb.
     0 | D:1      | Reached XP level 1. HP: 20/20 MP: 1/1
   130 | D:1      | Reached XP level 2. HP: 27/27 MP: 2/2
   633 | D:2      | Reached XP level 3. HP: 20/34 MP: 3/3
   667 | D:2      | Found an ancient bone altar of Kikubaaqudgha.
   712 | D:2      | Reached ** piety under Trog
   820 | D:2      | Found a radiant altar of Vehumet.
   833 | D:2      | Found a deep blue altar of Sif Muna.
   836 | D:2      | Identified Sif Muna's Almanac of Orientation
   917 | D:2      | Reached XP level 4. HP: 24/42 MP: 4/4
  1211 | D:2      | Noticed Jessica
  1225 | D:2      | Killed Jessica
  1846 | D:3      | Reached XP level 5. HP: 47/49 MP: 4/4
  1977 | D:3      | Reached skill level 1 in Maces & Flails
  2119 | D:4      | Found a snail-covered altar of Cheibriados.
  2151 | D:4      | Found a hide-covered altar of Uskayaw.
  2151 | D:4      | Found an opulent altar of Gozag.
  2152 | D:4      | Found a sacrificial altar of Ru.
  2153 | D:4      | Found a burning altar of Makhleb.
  2160 | D:4      | Reached skill level 2 in Maces & Flails
  2178 | D:4      | Noticed a phantom
  2190 | D:4      | Noticed an ogre
  2195 | D:5      | Entered Level 5 of the Dungeon
  2211 | D:5      | Reached XP level 6. HP: 57/57 MP: 5/5
  2335 | D:5      | Reached skill level 3 in Maces & Flails
  2394 | D:5      | Found a staircase to the Ecumenical Temple.
  2403 | Temple   | Entered the Ecumenical Temple
  2606 | D:4      | Reached *** piety under Trog
  2606 | D:4      | Reached skill level 4 in Maces & Flails
  2606 | D:4      | Reached XP level 7. HP: 55/66 MP: 6/6
  2710 | D:4      | Found Jerrunek's General Store.
  2726 | D:4      | Bought a potion of agility for 40 gold pieces
  3253 | D:5      | Reached skill level 5 in Fighting
  3253 | D:5      | Reached skill level 5 in Maces & Flails
  3523 | D:6      | Found a blossoming altar of Fedhas.
  3525 | D:6      | Found a stormy altar of Qazlal.
  3634 | D:6      | Reached skill level 5 in Armour
  3634 | D:6      | Reached XP level 8. HP: 44/74 MP: 6/6
  3711 | D:6      | Noticed Prince Ribbit
  3868 | D:6      | Reached skill level 6 in Maces & Flails
  3938 | D:6      | Killed Prince Ribbit
  4361 | D:7      | Reached skill level 7 in Maces & Flails
  4378 | D:7      | Found a blossoming altar of Fedhas.
  4410 | D:7      | Gained mutation: You passively map the area around you.
                  | [Deep Dwarf growth]
  4410 | D:7      | Reached XP level 9. HP: 62/82 MP: 8/8
  5296 | D:8      | Reached skill level 8 in Maces & Flails
  5443 | D:8      | Reached skill level 5 in Evocations
  5860 | D:9      | Reached **** piety under Trog
  5876 | D:9      | Reached skill level 9 in Maces & Flails
  6026 | D:9      | Found a staircase to the Lair.
  6493 | Lair:1   | Entered Level 1 of the Lair of Beasts
  6563 | Lair:1   | Reached XP level 10. HP: 85/94 MP: 6/6
  6708 | Lair:1   | Noticed Grum
  6747 | Lair:1   | Killed Grum
  6887 | Lair:1   | Noticed a spiny frog
  6889 | Lair:1   | Noticed Joseph
  6919 | Lair:1   | Killed Joseph
  6933 | Lair:1   | Killed a spiny frog
  6933 | Lair:1   | Reached skill level 10 in Maces & Flails
  6972 | Lair:1   | Got a bone quarterstaff
  6973 | Lair:1   | Identified the cursed +0 quarterstaff of Indomitability
                  | {drain, +Blink MP-9 Dex+4} (You found it on level 1 of the
                  | Lair of Beasts)
  7496 | Lair:2   | Gained mutation: You are agile. (Dex +2) [potion of
                  | mutation]
  7496 | Lair:2   | Gained mutation: Your magical capacity is low. (-10% MP)
                  | [potion of mutation]
  7496 | Lair:2   | Gained mutation: You have a pair of small horns on your
                  | head. [potion of mutation]
  7497 | Lair:2   | Lost mutation: You are agile. (Dex +2) [potion of mutation]
  7497 | Lair:2   | Lost mutation: You have a pair of small horns on your head.
                  | [potion of mutation]
  7497 | Lair:2   | Gained mutation: You have a somewhat thin skeletal
                  | structure. (Dex +2, Stealth) [potion of mutation]
  7497 | Lair:2   | Gained mutation: You are partially covered in large bone
                  | plates. (SH +4) [potion of mutation]
  7504 | Lair:2   | Noticed an elephant
  7509 | Lair:2   | Killed an elephant
  7526 | Lair:2   | Noticed Sonja
  7538 | Lair:2   | Killed Sonja
  7622 | Lair:2   | Noticed a spiny frog
  7630 | Lair:2   | Killed a spiny frog
  7660 | Lair:2   | Reached skill level 11 in Maces & Flails
  7660 | Lair:2   | Reached XP level 11. HP: 76/106 MP: 5/5
  8384 | Lair:2   | Reached skill level 10 in Fighting
  8384 | Lair:2   | Reached skill level 12 in Maces & Flails
  8432 | Lair:2   | Noticed a dire elephant
  8444 | Lair:2   | Killed a dire elephant
  8921 | Lair:3   | Found a frozen archway.
  8985 | IceCv    | Entered an ice cave
  9005 | IceCv    | Reached ***** piety under Trog
  9008 | IceCv    | Reached skill level 10 in Evocations
  9048 | IceCv    | Reached XP level 12. HP: 59/117 MP: 4/4
  9435 | IceCv    | Noticed a death yak
  9449 | IceCv    | Reached skill level 13 in Maces & Flails
  9476 | IceCv    | Received a gift from Trog
  9480 | IceCv    | Killed a death yak
  9620 | IceCv    | Noticed a frost giant
  9659 | IceCv    | Killed a frost giant
 10018 | Lair:3   | Reached skill level 5 in Axes
 10223 | Lair:3   | Noticed Snorg
 10236 | Lair:3   | Killed Snorg
 10659 | Lair:4   | Reached XP level 13. HP: 78/128 MP: 0/1
 10753 | Lair:4   | Found a staircase to the Snake Pit.
 10851 | Lair:4   | Got a twitching bone ring
 10853 | Lair:4   | Identified the ring of Awe {rElec MR+ Dex+3 SInv Stlth+}
                  | (You found it on level 4 of the Lair of Beasts)
 10924 | Lair:4   | Found a runed translucent gate.
 10925 | Lair:4   | Found a runed translucent gate.
 10927 | Lair:4   | Found a runed translucent gate.
 10934 | Lair:4   | Noticed reptisaurus's ghost (journeyman OgEE)
 11047 | Lair:4   | Noticed a minotaur
 11354 | Lair:4   | Found a staircase to the Shoals.
 11678 | Lair:5   | You fall through a shaft!
 11678 | Lair:6   | Entered Level 6 of the Lair of Beasts
 11714 | Lair:6   | HP: 4/129 [yak (2)]
 11726 | Lair:5   | HP: 3/129 [wolf (2)]
 11727 | Lair:5   | HP: 1/129 [wolf (4)]
 11727 | Lair:5   | Slain by a wolf

Skill      XL: |  1  2  3  4  5  6  7  8  9 10 11 12 13 |
---------------+----------------------------------------+-----
Fighting       | 3 4 5 6 7 9 10 11 12 | 12.0
Axes           | 4 6 9 |  9.6
Dodging        | 3 |  3.0
Maces & Flails | 2 4 5 7 9 11 12 13 | 13.6
Armour         | 3 5 6 |  6.0
Evocations     | 3 6 8 10 11 | 11.2

Action                   |  1- 3 |  4- 6 |  7- 9 | 10-12 | 13-15 || total
-------------------------+-------+-------+-------+-------+-------++-------
Melee: Hand axe          |   114 |    40 |       |       |       ||   154
       Club              |       |   145 |   556 |   804 |    11 ||  1516
       Executioner's axe |       |       |       |    97 |    82 ||   179
Invok: Trog's Hand       |     1 |     3 |    10 |    12 |    10 ||    36
       Berserk           |       |     4 |     8 |    18 |     3 ||    33
 Abil: Heal Wounds       |       |     6 |    22 |    40 |     5 ||    73
Evoke: Wand              |       |       |       |    33 |       ||    33
  Use: Scroll            |       |     7 |    11 |     9 |     3 ||    30
       Potion            |       |       |       |    12 |     1 ||    13
 Stab: Sleeping          |     1 |     1 |       |       |       ||     2
  Eat: Chunk             |       |     8 |    10 |    22 |     5 ||    45
       Ration            |       |     1 |     4 |     5 |     1 ||    11
Armor: Animal skin       |    22 |    10 |       |       |       ||    32
       Scale mail        |       |    30 |    93 |       |       ||   123
       Chain mail        |       |       |   197 |   244 |    42 ||   483
       Plate armour      |       |       |    11 |   380 |       ||   391
       Skin              |       |       |       |       |    10 ||    10
Dodge: Dodged            |    79 |   142 |   346 |   426 |    41 ||  1034
Block: Other             |       |       |       |   150 |    20 ||   170
